 Dungeon Crawl Stone Soup version 0.23.2-40-g277498a001 (webtiles) character file.

Game seed: 15764985308677215957

39 Descartes the Digger (level 3, -3/25 HPs)
             Began as a Formicid Earth Elementalist on Sept 5, 2019.
             Slain by Crazy Yiuf
             ... wielding a +4 quarterstaff of chaos
              (11 damage)
             ... on level 2 of the Dungeon on Sept 6, 2019.
             The game lasted 00:07:00 (2122 turns).

Descartes the Digger (Formicid Earth Elementalist)  Turns: 2122, Time: 00:07:00

Health: -3/25      AC:  2    Str: 12    XL:     3   Next: 70%
Magic:  6/6        EV: 15    Int: 15    God:
Gold:   129        SH:  0    Dex: 11    Spells: 6/7 levels left

rFire    . . .     SeeInvis +   s - +0 short sword
rCold    . . .     Gourm    .   (no shield)
rNeg     . . .     Faith    .   c - +0 robe
rPois    .         Spirit   .   (helmet unavailable)
rElec    .         Reflect  .   (no cloak)
rCorr    .         Harm     .   (no gloves)
MR       .....                  (no boots)
Stlth    +.........             (no amulet)
HPRegen  0.08/turn              j - +3 ring of evasion
MPRegen  0.10/turn              (no ring)

@: confused
A: permanent stasis, dig shafts and tunnels, four strong arms, antennae 3
a: Dig, Shaft Self


You were on level 2 of the Dungeon.
You were not hungry.

You visited 1 branch of the dungeon, and saw 2 of its levels.

You collected 129 gold pieces.

Inventory:

Hand Weapons
 l - a +0 hunting sling
 s - a +0 short sword (weapon)
Missiles
 a - 16 bolts
 b - 30 stones (quivered)
Armour
 c - a +0 robe (worn)
Jewellery
 j - a +3 ring of evasion (left hand)
Scrolls
 e - a scroll of amnesia {unknown}
 f - 2 scrolls of blinking {unknown}
 g - a scroll of magic mapping {unknown}
 h - a scroll of teleportation {unknown}
 k - a scroll of fear {unknown}
 o - a scroll of identify {unknown}
 p - 2 scrolls of enchant weapon {unknown}
 q - a scroll of remove curse {unknown}
 u - a scroll of random uselessness {unknown}
Potions
 i - a potion of might {unknown}
 m - 2 potions of flight {unknown}
 r - a potion of curing {unknown}
 t - a potion of cancellation {unknown}
Comestibles
 d - 6 rations
 n - 3 chunks of flesh


   Skills:
 + Level 0.8 Fighting
 + Level 0.7 Armour
 + Level 2.1 Dodging
 + Level 2.9 Stealth
 + Level 0.7 Unarmed Combat
 + Level 2.5 Spellcasting
   Level 1.1 Transmutations
 + Level 4.0 Earth Magic


You had 6 spell levels left.
You knew the following spells:

 Your Spells              Type           Power        Failure   Level  Hunger
a - Sandblast             Erth           ##....       4%          1    #......

Your spell library contained the following spells:

 Spells                   Type           Power        Failure   Level  Hunger
 Passwall                 Tmut/Erth      #.......     11%         2    ###....
 Stone Arrow              Conj/Erth      #.....       28%         3    ###....
 Petrify                  Tmut/Erth      #.......     58%         4    #####..
 Lee's Rapid Deconstruct  Erth           ##........   75%         5    ######.


Dungeon Overview and Level Annotations

Branches:
Dungeon (2/15)

Altars:
Fedhas

Annotations:
D:2 Crazy Yiuf


Innate Abilities, Weirdness & Mutations

You cannot be hasted, slowed, berserked, paralysed or teleported.
You can dig through walls and to a lower floor.
Your four strong arms can wield two-handed weapons with a shield.
You have a pair of large antennae on your head. (SInv)


Message History

There is an open translucent door here.
You hit Crazy Yiuf.
Crazy Yiuf is moderately wounded.
Crazy Yiuf misses you.
You completely miss Crazy Yiuf.
Crazy Yiuf is moderately wounded.
Crazy Yiuf hits you with a +4 quarterstaff of chaos!
You are confused.
You're too confused to cast spells.
Unknown command.
Crazy Yiuf barely misses you.
Crazy Yiuf hits you with a +4 quarterstaff of chaos.
Crazy Yiuf burns you.
There is an open translucent door, spattered with blood here.
You barely miss Crazy Yiuf.
Crazy Yiuf is moderately wounded.
Crazy Yiuf closely misses you.
Crazy Yiuf yells, "Mama high sow!"
Crazy Yiuf hits you but does no damage.
You are electrocuted!
You die...

#.##### #.##.....#.####.....' #.#
#.##.#...#.<..#..<..#
#.###########.##.########.#.....#
#...........###### ###.#.....#
############# #...#.....# #####
#####.##.## #)..# #....# #...#
###### #@g.# ##'## ♣.♣♣ ### ♣♣.♣
#.. ♣.♣♣ #.# ♣♣.♣ #.# ♣♣.♣♣ #.#
♣♣.P.♣ #.# ♣..PP♣ #.#


You could see Crazy Yiuf.

Vanquished Creatures
  A dart slug (D:1)
  5 bats
  2 giant cockroaches
  9 goblins
  5 hobgoblins
  3 jackals (D:1)
  A quokka (D:2)
  A ball python (D:1)
  3 frilled lizards
  2 kobolds
  2 rats (D:2)
34 creatures vanquished.

Notes
Turn   | Place    | Note
-------+----------+-------------------------------------------
     0 | D:1      | Descartes the Formicid Earth Elementalist began the quest
                  | for the Orb.
     0 | D:1      | Reached XP level 1. HP: 13/13 MP: 3/3
   345 | D:1      | Reached XP level 2. HP: 19/19 MP: 1/5
   907 | D:1      | Reached XP level 3. HP: 25/25 MP: 0/6
  1270 | D:1      | Found a blossoming altar of Fedhas.
  1973 | D:2      | Reached skill level 4 in Earth Magic
  2111 | D:2      | Found a runed translucent door.
  2112 | D:2      | Noticed Crazy Yiuf
  2122 | D:2      | Slain by Crazy Yiuf

Skill      XL: |  1  2  3 |
---------------+----------+-----
Dodging        | 2 |  2.1
Earth Magic    | 4 |  4.0
Fighting       | |  0.8
Armour         | |  0.7
Stealth        | |  2.9
Unarmed Combat | |  0.7
Spellcasting   | |  2.5
Transmutations | |  1.1

Action                   || total
-------------------------++-------
Melee: Unarmed           ||    26
       Dagger            ||    19
       Short sword       ||    19
 Cast: Sandblast         ||    29
 Stab: Sleeping          ||     4
  Eat: Chunk             ||     4
Armor: Robe              ||    10
Dodge: Dodged            ||    45
